 Dungeon Crawl Stone Soup version 0.22-a0-565-gfc6459a524 (webtiles) character file.

1829 PikkenKukken the Changer (level 8, 0/40 HPs)
             Began as a Felid Transmuter on June 28, 2018.
             Was a Believer of Sif Muna.
             Slain by a yak (15 damage)
             ... on level 6 of the Dungeon.
             The game lasted 00:30:21 (11882 turns).

PikkenKukken the Changer (Felid Transmuter)        Turns: 11882, Time: 00:30:22

Health: 0/40       AC:  2    Str:  5 (6)  XL:     8   Next: 86%
Magic:  14/17      EV: 28    Int: 16 (17) God:    Sif Muna [**....]
Gold:   400        SH:  0    Dex: 22      Spells: 6/17 levels left
                                        Lives:  0   Deaths: 2

rFire    + . .     SeeInvis +     - Unarmed
rCold    x . .     Gourm    .   (shield unavailable)
rNeg     . . .     Faith    +   (armour unavailable)
rPois    x         Spirit   .   (helmet unavailable)
rElec    .         Reflect  .   (cloak unavailable)
rCorr    .         Harm     .   (gloves unavailable)
MR       +....                  (boots unavailable)
Stlth    ++........             k - amulet of faith
HPRegen  0.13/turn              i - ring of fire
MPRegen  0.15/turn              j - ring of flight

@: spider-form
A: tiny, no armour, no weapons or thrown items, stealth, see invisible,
carnivore, deterioration 1, robust 1, slow metabolism 1
a: End Transformation, Divine Energy, Renounce Religion, Evoke Flight


You were on level 6 of the Dungeon.
You worshipped Sif Muna.
Sif Muna was pleased with you.
You were not hungry.
You were a venomous arachnid creature.
You visited 2 branches of the dungeon, and saw 8 of its levels.

You collected 400 gold pieces.

Inventory:

Missiles
 a - 13 arrows
Jewellery
 i - a ring of fire (left front leg)
 j - a ring of flight (right front leg)
 k - an amulet of faith (around neck)
Wands
 s - a wand of enslavement (15)
Scrolls
 e - 3 scrolls of remove curse
 g - 2 scrolls of identify
 l - 3 scrolls of magic mapping
 m - 3 scrolls of blinking
 o - 3 scrolls of teleportation
 r - 2 scrolls of fog
Potions
 b - 2 potions of curing
 d - 3 potions of brilliance
 f - 2 potions of heal wounds
 h - a potion of might
 n - a potion of flight {unknown}
 p - a potion of resistance {unknown}
 q - 2 potions of lignification {unknown}
 t - a potion of agility {unknown}
Comestibles
 c - 13 rations


   Skills:
 + Level 5.4 Fighting
 + Level 7.6 Dodging
 - Level 1.3 Stealth
 + Level 6.3 Unarmed Combat
 + Level 5.4 Spellcasting
 * Level 7.7 Transmutations
 + Level 4.3 Poison Magic


You had 6 spell levels left.
You knew the following spells:

 Your Spells              Type           Power        Failure   Level  Hunger
a - Beastly Appendage     Tmut           ####..       4%          1    None
b - Sticks to Snakes      Tmut           ####....     4%          2    #......
c - Spider Form           Tmut/Pois      ###.......   12%         3    ###....
d - Blade Hands           Tmut           ####......   36%         5    ######.

Your spell library contained the following spells:

 Spells                   Type           Power        Failure   Level  Hunger
 Ice Form                 Ice/Tmut       ###.....     52%         4    ####...


Dungeon Overview and Level Annotations

Branches:
Dungeon (7/15)             Temple (1/1) D:5

Altars:
Ashenzari
Cheibriados
Dithmenos
Elyvilon
Fedhas
Gozag
Hepliaklqana
Makhleb
Nemelex Xobeh
Okawaru
Qazlal
Ru
Sif Muna
Trog
Uskayaw
Vehumet
Wu Jian
Xom
Yredelemnul
Zin
The Shining One

Annotations:
D:5 1 runed door, Banto's ghost, novice OpEE
D:7 1 runed door, gouglew's ghost, novice MiBe


Innate Abilities, Weirdness & Mutations

You cannot wear armour.
You are incapable of wielding weapons or throwing items.
Your paws allow you to move quietly. (Stealth)
((You have sharp claws.))
((You have razor-sharp teeth.))
You have supernaturally acute eyesight. (SInv)
You are carnivorous and can eat meat at any time.
((You cover ground quickly.))
((You are covered in thick fur. (AC +2)))
You have a slow metabolism.
((Your sharp claws are effective at attacking unaware monsters.))
Your body sometimes deteriorates upon taking damage.
You are robust. (+10% HP)


Message History

Level annotation: 1 runed door, gouglew's ghost, novice MiBe The yak gores you.
There is a stone staircase leading up, spattered with blood here.
You see here a javelin.
The yak gores you.
You climb upwards.
There is a stone staircase leading down here.
Casting: Spider Form (safe; 3% risk of failure)
Confirm with . or Enter, or press ? or * to list all spells.
You turn into a venomous arachnid creature.
The yak gores you but does no damage.
You hit the yak but do no damage.
The yak is poisoned.
The yak gores you!
Your body deteriorates!
You feel weakened.
You hit the yak.
The yak is lightly wounded.
The yak barely misses you.
You hit the yak but do no damage.
The yak looks as sick as possible!
The yak is lightly wounded.
The yak gores you!
You die...

# # ##################
'...........[..Ys#
##.######.......##
##..# #...._...#####
###.# #............#
###.## #.#..........#
.....#
#.#..........######
...#[#
#.#..........'....#
...#[#
#.#..........####.#
####'####.#########...#
#.#


You could see a yak.

Vanquished Creatures
  A hornet (D:7)
  A hippogriff (D:7)
  A yak (D:6)
  2 hogs (D:6)
  A human (D:7)
  4 sky beasts
  2 ice beasts (D:6)
  2 phantoms
  2 orc warriors
  An ogre (D:5)
  A centaur (D:6)
  5 bullfrogs
  A scorpion (D:6)
  A wight (D:6)
  2 howler monkeys
  2 crimson imps (D:6)
  2 centaur zombies
  4 bullfrog zombies
  A centaur skeleton (D:6)
  2 hounds
  An orc priest (D:4)
  A jelly (D:5)
  3 bullfrog skeletons
  4 orc wizards
  5 worker ants
  A howler monkey zombie (D:5)
  A worker ant zombie (D:5)
  3 gnolls (D:3)
  7 adders
  2 worms
  3 dart slugs
  3 leopard geckos
  19 orcs
  7 bats
  5 giant cockroaches
  5 goblins
  8 hobgoblins
  10 jackals
  4 quokkas
  2 frilled lizards (D:2)
  8 kobolds
  5 rats
145 creatures vanquished.

Vanquished Creatures (collateral kills)
  2 wights (D:6)
  An orc wizard (D:6)
  2 adders (D:3)
  2 orcs
  A giant cockroach (D:3)
  2 goblins (D:1)
  A quokka (D:3)
  A frilled lizard (D:2)
12 creatures vanquished.

Grand Total: 157 creatures vanquished

Notes
Turn   | Place    | Note
-------+----------+-------------------------------------------
     0 | D:1      | PikkenKukken the Felid Transmuter began the quest for the Orb.
     0 | D:1      | Reached XP level 1. HP: 9/9 MP: 4/4
   277 | D:1      | Reached XP level 2. HP: 10/12 MP: 4/6
   281 | D:1      | Learned a level 2 spell: Sticks to Snakes
   782 | D:1      | Found a glowing golden altar of the Shining One.
  1008 | D:2      | Reached skill level 1 in Stealth
  1008 | D:2      | Reached XP level 3. HP: 13/15 MP: 1/7
  1586 | D:2      | Found a shadowy altar of Dithmenos.
  2024 | D:2      | Reached XP level 4. HP: 15/19 MP: 6/8
  2816 | D:3      | Reached XP level 5. HP: 10/22 MP: 1/10
  3355 | D:3      | Found a sacrificial altar of Ru.
  3355 | D:3      | Found a snail-covered altar of Cheibriados.
  3356 | D:3      | Found a shimmering altar of Xom.
  4103 | D:4      | Learned a level 3 spell: Spider Form
  4127 | D:4      | Noticed an orc warrior
  4352 | D:4      | Gained mutation: You are covered in thick fur. (AC +2) [Felid growth]
  4352 | D:4      | Reached XP level 6. HP: 20/27 MP: 9/11
  4654 | D:4      | Killed an orc warrior
  4654 | D:4      | Reached skill level 1 in Poison Magic
  4977 | D:5      | Entered Level 5 of the Dungeon
  5157 | D:5      | Found an opulent altar of Gozag.
  5631 | D:5      | Reached XP level 7. HP: 26/31 MP: 11/13
  5772 | D:5      | Found a staircase to the Ecumenical Temple.
  5988 | Temple   | Entered the Ecumenical Temple
  6003 | Temple   | Became a worshipper of Sif Muna the Loreminder
  6036 | D:5      | Gained mutation: You are clumsy. (Dex -2) [potion of mutation]
  6036 | D:5      | Gained mutation: You are robust. (+10% HP) [potion of mutation]
  6036 | D:5      | Gained mutation: Your body sometimes deteriorates upon taking damage. [potion of mutation]
  6036 | D:5      | Lost mutation: You are clumsy. (Dex -2) [potion of mutation]
  6194 | D:5      | Reached skill level 5 in Dodging
  6257 | D:5      | Found a runed door.
  6262 | D:5      | Noticed Banto's ghost (novice OpEE)
  7059 | D:5      | Learned a level 5 spell: Blade Hands
  7353 | D:6      | HP: 1/34 [orc warrior/halberd of flaming (5)]
  7356 | D:5      | Demolished by an orc warrior
  7357 | D:5      | Reached XP level 6. HP: -18/30 MP: 11/12
  7473 | D:6      | Reached XP level 7. HP: 34/34 MP: 9/14
  7595 | D:6      | Reached skill level 5 in Unarmed Combat
  7608 | D:6      | Reached skill level 5 in Transmutations
  7816 | D:6      | Found a white marble altar of Elyvilon.
  7822 | D:6      | Reached * piety under Sif Muna
  7858 | D:6      | Found a glowing silver altar of Zin.
  8191 | D:6      | Found an iron altar of Okawaru.
  8268 | D:6      | Reached XP level 8. HP: 29/39 MP: 8/15
  8943 | D:6      | Found a shimmering altar of Xom.
  9975 | D:7      | Noticed a hornet
  9983 | D:7      | Killed a hornet
 10184 | D:7      | Reached ** piety under Sif Muna
 10488 | D:7      | Noticed a hippogriff
 10501 | D:7      | Reached XP level 9. HP: 25/44 MP: 11/17
 10690 | D:7      | Reached skill level 5 in Fighting
 10690 | D:7      | Reached skill level 5 in Spellcasting
 10979 | D:7      | Slain by a hog
 10980 | D:7      | Reached XP level 8. HP: -5/40 MP: 16/16
 11497 | D:7      | Found a runed door.
 11500 | D:7      | Noticed gouglew's ghost (novice MiBe)
 11522 | D:7      | Found a sparkling altar of Nemelex Xobeh.
 11882 | D:6      | Slain by a yak

Vault maps used:
D:1:      dpeg_arrival_tiny_j, tso_altar
D:2:      first_ration, grunt_ministairs_5, corexii_item_surrounded_by_moat,
          nicolae_dithmenos_shadow_blocks
D:3:      wad_crossroads, gammafunk_temple_overflow_claw, serial_glass,
          glass_columns_c, glass_columns_c, glass_columns_b, glass_columns_a,
          glass_columns_b, glass_columns_a, glass_columns_a, glass_columns_a
D:5:      minmay_temple_entry_overgrown, ebering_ghost_sewer_d,
          grunt_gozag_breadcrumbs
D:6:      zin_academy, lemuel_doored_altar, basic_altar, elyvilon_altar_3
D:7:      ebering_ghost_reflecting_pool, grunt_livestock,
          nemelex_diamond_rough_becter
Temple:   nicolae_temple_no_exploring_needed

Skill      XL: |  1  2  3  4  5  6  7  8  9 |
---------------+----------------------------+-----
Dodging        | 3 4 6 7 |  7.6
Stealth        | 1 |  1.3
Fighting       | 2 3 4 5 |  5.4
Transmutations | 3 4 5 6 7 |  7.7
Spellcasting   | 3 4 5 |  5.4
Unarmed Combat | 4 5 6 |  6.3
Poison Magic   | 1 3 4 |  4.3

Action                   |  1- 3 |  4- 6 |  7- 9 || total
-------------------------+-------+-------+-------++-------
Melee: Unarmed           |    83 |   165 |   350 ||   598
       Headbutt          |     9 |    22 |    14 ||    45
       Bite              |    10 |     5 |     7 ||    22
       Punch             |     2 |     1 |     3 ||     6
 Cast: Beastly Appendage |    21 |    21 |    11 ||    53
       Sticks to Snakes  |     9 |    24 |    20 ||    53
       Spider Form       |       |     5 |    29 ||    34
  Use: Scroll            |     6 |     6 |     1 ||    13
       Potion            |     1 |       |     2 ||     3
 Stab: Sleeping          |     1 |     5 |     5 ||    11
       Distracted        |       |     2 |     1 ||     3
  Eat: Chunk             |    10 |    15 |    16 ||    41
Armor: Skin              |     3 |    11 |     8 ||    22
Dodge: Dodged            |    66 |   119 |   348 ||   533

Table legend:
 A = Spawn XP
 B = Non-spawn XP
 C = Spawn XP percentage of total XP
 D = Spawn monster count
 E = Non-spawn monster count
 F = Spawn count percentage of total count
 G = Total turns spent on level
                    A         B        C        D         E        F      G
               +---------+---------+-------+---------+---------+-------+---------
         Total |       0 |    4885 |   0.0 |       0 |     157 |   0.0 | 11882
               +---------+---------+-------+---------+---------+-------+---------
           D:1 |       0 |      27 |   0.0 |       0 |      15 |   0.0 |   812
           D:2 |       0 |      91 |   0.0 |       0 |      31 |   0.0 |  1611
           D:3 |       0 |     130 |   0.0 |       0 |      18 |   0.0 |  1422
           D:4 |       0 |     326 |   0.0 |       0 |      13 |   0.0 |  1384
           D:5 |       0 |     655 |   0.0 |       0 |      25 |   0.0 |  2347
           D:6 |       0 |    2250 |   0.0 |       0 |      37 |   0.0 |  2683
           D:7 |       0 |    1406 |   0.0 |       0 |      18 |   0.0 |  1594
               +---------+---------+-------+---------+---------+-------+---------
